 Dungeon Crawl Stone Soup version 0.28.0-53-g5a82cb258f (webtiles) character file.

Game seed: 9808967199153020968

347 DocClef the Skirmisher (level 6, 0/54 (61) HPs)
             Began as a Draconian Fighter on June 15, 2022.
             Slain by a wight
             ... wielding a +5 falchion
              (11 damage)
             ... on level 3 of the Dungeon.
             The game lasted 00:03:13 (3448 turns).

DocClef the Skirmisher (Draconian Fighter)          Turns: 3448, Time: 00:03:14

HP:   0/54 (61)     AC:  6    Str: 21    XL:     6   Next: 32%
MP:   6/6           EV: 11    Int:  8    God:
Gold: 177           SH:  4    Dex: 10    Spells: 5/5 levels left

rFire   . . .      SeeInvis .   a - +0 war axe
rCold   . . .      Faith    .   b - +0 buckler
rNeg    . . .      Spirit   .   (armour unavailable)
rPois   .          Reflect  .   (helmet restricted)
rElec   .          Harm     .   (no cloak)
rCorr   .          Rampage  .   (no gloves)
Will    +....                   (no boots)
Stlth   +.........              (no amulet)
HPRegen 0.18/turn               g - ring of willpower
MPRegen 0.10/turn               (no ring)

@: heavily drained
A: AC +6, unfitting armour, cold-blooded
a: no special abilities


You were on level 3 of the Dungeon.
You visited 1 branch of the dungeon, and saw 4 of its levels.

You collected 216 gold pieces.
You spent 39 gold pieces at shops.

Inventory:

Hand Weapons
 a - a +0 war axe (weapon)
Armour
 b - a +0 buckler (worn)
Jewellery
 g - a ring of willpower (left hand)
 q - a ring of magical power
Scrolls
 e - 5 scrolls of identify {unknown}
 f - a scroll of noise {unknown}
 i - 2 scrolls of teleportation {unknown}
 n - 2 scrolls of enchant weapon {unknown}
 o - a scroll of silence {unknown}
 p - 3 scrolls of magic mapping {unknown}
Potions
 c - 2 potions of might
 d - a potion of magic {unknown}
 h - a potion of mutation {unknown}
 j - a potion of brilliance {unknown}
 k - a potion of curing
 l - a potion of invisibility {unknown}
 m - a potion of berserk rage {unknown}
 r - a potion of haste {unknown}


   Skills:
 + Level 7.9 Fighting
 - Level 2.0 Axes
 - Level 2.6 Dodging
 - Level 3.0 Shields


You had 5 spell levels left.
You didn't know any spells.
Your spell library contained the following spells:

 Spells                   Type           Power      Damage    Failure   Level
 Sandblast                Erth           0%         2d4       50%         1
 Passwall                 Tmut/Erth      0%         N/A       65%         2
 Call Canine Familiar     Summ           0%         N/A       86%         3
 Portal Projectile        Hex/Tloc       0%         N/A       86%         3
 Stone Arrow              Conj/Erth      0%         3d7       86%         3
 Leda's Liquefaction      Hex/Erth       0%         N/A       99%         4


Dungeon Overview and Level Annotations

Branches:
Dungeon (4/15)
 Temple: D:4-7

Altars:
Ashenzari
Kikubaaqudgha
Xom
Yredelemnul

Shops:
D:2 (=?!


Innate Abilities, Weirdness & Mutations

Your plain brown scales are hard. (AC +6)
You cannot fit into any form of body armour.
You are cold-blooded and may be slowed by cold attacks.


Message History

You slash the wight!
The wight is heavily damaged.
The wight hits you with a +0 great sword.
You closely miss the wight. You tail-slap the wight.
The wight is severely damaged.
The wight hits you with a +0 great sword!
You barely miss the wight.
The wight is severely damaged.
The wight hits you with a +5 falchion!
The wight hits you with a +0 great sword!
You feel drained.
You are too injured to fight recklessly!
You are too injured to fight recklessly!
Unknown command.
The wight misses you. The wight barely misses you.
There is a stone staircase leading up here.
The wight hits you with a +0 great sword!
The wight hits you with a +5 falchion.
* * * LOW HITPOINT WARNING * * *
You feel drained.
* * * LOW HITPOINT WARNING * * *
You climb upwards.
There is a stone staircase leading down here.
You hit the wight. You tail-slap the wight.
The wight is almost destroyed.
You closely miss the wight. The wight closely misses you. The wight misses you.
You hit the wight but do no damage.
The wight is almost destroyed.
You hit the wight but do no damage. The wight barely misses you.
The wight hits you with a +5 falchion.
* * * LOW HITPOINT WARNING * * *
The wight hits you with a +0 great sword.
* * * LOW HITPOINT WARNING * * *
You feel drained.
* * * LOW HITPOINT WARNING * * *
You barely miss the wight.
The wight is almost destroyed.
You completely miss the wight. The wight hits you with a +5 falchion!
You die...

####### ##....##)#.#
###.P...# ##.....#.##.#
....8P..# #.......##..#
...)..8.# #...##.....##
.)....8.## #..##.#)†.##
##.#.....##########..#[##..##
#.#####...#....)....###..##
#>#####........##.......##
##.##...........@z...########
...............z###..P.# #..#
......#######.### #....###..#
......# ##..####...P....##
############....<......###.#
..................######
#§######
################.....#
#..§§§§. .## ###...# #§#§§§§.
..# #### ##>.### #.##.§.P


You could see 2 wights.

Vanquished Creatures
  A necrophage (D:4)
  A water moccasin skeleton (D:3)
  2 wights
  A hound skeleton (D:3)
  2 adders (D:2)
  A gnoll (D:1)
  A howler monkey skeleton (D:3)
  An adder zombie (D:3)
  2 worms
  2 dart slugs
  An orc (D:3)
  8 bats
  4 giant cockroaches
  6 goblins
  9 hobgoblins
  2 jackals (D:1)
  2 quokkas
  7 ball pythons
  2 frilled lizards
  10 kobolds
  7 rats
72 creatures vanquished.

Vanquished Creatures (others)
  2 withered plants (D:3)
2 creatures vanquished.

Grand Total: 74 creatures vanquished

Notes
Turn   | Place    | Note
-------+----------+-------------------------------------------
     0 | D:1      | DocClef the Draconian Fighter began the quest for the Orb.
     0 | D:1      | Reached XP level 1. HP: 19/19 MP: 1/1
   224 | D:1      | Reached skill level 4 in Fighting
   224 | D:1      | Reached XP level 2. HP: 27/27 MP: 2/2
   505 | D:1      | Found a faded altar of an unknown god.
   725 | D:1      | Reached XP level 3. HP: 33/34 MP: 3/3
  1173 | D:2      | Found an ancient bone altar of Kikubaaqudgha.
  1240 | D:2      | Reached skill level 5 in Fighting
  1333 | D:2      | Found Obyoj's Magic Scroll Emporium.
  1586 | D:2      | Found Reses's Jewellery Boutique.
  1665 | D:2      | Reached XP level 4. HP: 42/42 MP: 4/4
  1748 | D:2      | Found Osagycef's Distillery.
  1757 | D:2      | Bought a potion of curing for 39 gold pieces
  1955 | D:2      | Found Muogh's Weapon Emporium.
  2101 | D:3      | Found a large runed translucent door.
  2101 | D:3      | Found a large runed translucent door.
  2105 | D:3      | Found a shimmering altar of Xom.
  2134 | D:3      | Found a broken altar of Ashenzari.
  2134 | D:3      | Found a basalt altar of Yredelemnul.
  2476 | D:3      | Reached skill level 6 in Fighting
  2658 | D:3      | Reached XP level 5. HP: 42/51 MP: 5/5
  3057 | D:4      | Noticed a necrophage
  3069 | D:4      | Killed a necrophage
  3070 | D:4      | Reached skill level 7 in Fighting
  3070 | D:4      | Reached XP level 6. HP: 47/60 MP: 6/6
  3448 | D:3      | Slain by a wight

Illustrated notes

Levels and vault maps discovered:
D:1:      dpeg_arrival_subterranean_lakeside_camping, layout_basic,
          basic_ecumenical_altar
D:2:      layout_basic, basic_altar, serial_shops, shop, shop,
          nicolae_lakefront_shop, shop
D:3:      due_chaos_kobolds, layout_rooms, jmf_multi_god_temple, serial_undead,
          serial_undead_b, serial_undead_e, serial_undead_f, serial_undead_c,
          hangedman_decor_points, minmay_misc_feat_room, minmay_bisected
D:4:      layout_cave_pools, lemuel_round_altar, lemuel_coloured_pillars_altar,
          marbit_many_paths, temple_green

Skill      XL: |  1  2  3  4  5 |
---------------+----------------+-----
Fighting       | 4 5 6 7 |  7.9
Axes           | |  2.0
Dodging        | |  2.6
Shields        | |  3.0

Action                   |  1- 3 |  4- 6 || total
-------------------------+-------+-------++-------
Melee: War axe           |   102 |   109 ||   211
       Tailslap          |     8 |    21 ||    29
 Stab: Sleeping          |     1 |       ||     1
Armor: Skin              |    48 |    27 ||    75
Dodge: Dodged            |    73 |    87 ||   160
Block: Buckler           |    24 |    32 ||    56
